 Dungeon Crawl Stone Soup version 0.26-a0-672-g1df16c3386 (webtiles) character file.

Game seed: 13220593433822907905

294 robertstho the Magician (level 6, -2/33 HPs)
             Began as a Deep Elf Ice Elementalist on Oct 19, 2020.
             Slain by a phantom (7 damage)
             ... on level 4 of the Dungeon.
             The game lasted 00:09:21 (3939 turns).

robertstho the Magician (Deep Elf Ice Elementalist) Turns: 3939, Time: 00:09:21

Health: -2/33      AC:  4    Str:  5    XL:     6   Next: 11%
Magic:  8/17       EV: 13    Int: 22    God:
Gold:   185        SH:  0    Dex: 15    Spells: 2/17 levels left

rFire    . . .     SeeInvis .   b - +0 dagger
rCold    . . .     Faith    .   (no shield)
rNeg     . . .     Spirit   .   a - +0 robe
rPois    .         Reflect  .   (no helmet)
rElec    .         Harm     .   (no cloak)
rCorr    .         Rampage  .   (no gloves)
MR       .....                  e - +1 pair of boots
Stlth    ++........             (no amulet)
HPRegen  0.11/turn              (no ring)
MPRegen  0.15/turn              (no ring)

@: brilliant, very slightly contaminated
A: no striking features
a: no special abilities


You were on level 4 of the Dungeon.
You visited 1 branch of the dungeon, and saw 4 of its levels.

You collected 185 gold pieces.

Inventory:

Hand Weapons
 b - a +0 dagger (weapon)
Armour
 a - a +0 robe (worn)
 e - a +1 pair of boots (worn)
 u - a +2 buckler
Wands
 r - a wand of digging (5)
Scrolls
 c - 3 scrolls of remove curse {unknown}
 d - a scroll of identify {unknown}
 h - 4 scrolls of amnesia {unknown}
 j - a scroll of blinking {unknown}
 k - a scroll of enchant armour {unknown}
 m - a scroll of magic mapping {unknown}
 p - a scroll of fog {unknown}
 q - a scroll of teleportation {unknown}
 t - a scroll of enchant weapon {unknown}
Potions
 f - a potion of lignification
 g - a potion of brilliance
 i - a potion of ambrosia {unknown}
 l - a potion of degeneration {unknown}
 n - a potion of resistance {unknown}
 o - a potion of heal wounds {unknown}
 s - a potion of magic {unknown}


   Skills:
 + Level 0.5 Fighting
 + Level 0.2 Short Blades
 + Level 2.8 Dodging
 + Level 2.7 Stealth
 * Level 6.4 Spellcasting
 * Level 6.1 Ice Magic


You had 2 spell levels left.
You knew the following spells:

 Your Spells              Type           Power        Failure   Level
a - Freeze                Ice            ####         1%          1
b - Frozen Ramparts       Ice            ######       1%          3
c - Ozocubu's Armour      Ice            ######..     1%          3
d - Hailstorm             Conj/Ice       ####....     24%         4
e - Summon Ice Beast      Ice/Summ       ####....     24%         4

Your spell library contained the following spells:

 Spells                   Type           Power        Failure   Level
 Animate Skeleton         Necr           ##....       9%          1
 Apportation              Tloc           ##....       9%          1
 Corona                   Hex            ##.....      9%          1
 Summon Small Mammal      Summ           ##..         9%          1


Dungeon Overview and Level Annotations

Branches:
Dungeon (4/15)
 Temple: D:4-7

Altars:
Ashenzari
Dithmenos
Hepliaklqana
Makhleb
Qazlal
Ru
Uskayaw
Wu Jian
Yredelemnul


Message History

Anything else - Cancel.
Gang up on whom?
Press: ? - help, Dir - move target cursor, f - phantom
Aim: a phantom (heavily damaged) Attack!
The phantom blinks!
Unknown command.
What are your orders? t - Shout!
Orders for allies: a - Attack new target. p - Attack previous target. r - Retreat! s - Stop attacking. g - Guard the area. f - Follow me.
Anything else - Cancel.
Gang up on whom?
Press: ? - help, Dir - move target cursor, f/p - phantom
Aim: a phantom (heavily damaged) Attack!
The phantom blinks!
Unknown command.
The phantom closely misses you. The phantom hits you!
You die...

#.# #.# #.# #.# #.#
#.# .. #)#########.##
....#####.<.......<..#
..............#####..#
....###...#.#...# #..#
. ##....)...#.# #....
#.###.....#Y#@..#
##...##
#...........W...#
.#.#≈#.
#..##...<.#####.#
...###. #..###..÷## .#
.. .... # ##..####..##
# .######
#.#..........#####.#
#....######.........
#...†.....[...######
##..†#######..#


You could see a phantom and a friendly ice beast (summoned).

Vanquished Creatures
  An ogre (D:4)
  An orc wizard (D:3)
  A worker ant (D:4)
  4 adders
  2 worms
  2 dart slugs (D:2)
  5 leopard geckos
  10 orcs
  6 bats
  2 giant cockroaches
  9 goblins
  11 hobgoblins
  11 jackals
  3 quokkas
  A ball python (D:2)
  12 frilled lizards
  6 kobolds
  7 rats
94 creatures vanquished.

Notes
Turn   | Place    | Note
-------+----------+-------------------------------------------
     0 | D:1      | robertstho the Deep Elf Ice Elementalist began the quest
                  | for the Orb.
     0 | D:1      | Reached XP level 1. HP: 10/10 MP: 6/6
   433 | D:1      | Reached XP level 2. HP: 15/15 MP: 6/8
   573 | D:1      | Reached skill level 5 in Ice Magic
  1344 | D:2      | Reached XP level 3. HP: 16/19 MP: 7/10
  1820 | D:2      | Reached XP level 4. HP: 24/24 MP: 7/12
  2101 | D:2      | Noticed a shadow
  2102 | D:2      | Found a shadowy altar of Dithmenos.
  2103 | D:2      | Found a hazy altar of Hepliaklqana.
  2153 | D:2      | Found a stormy altar of Qazlal.
  2364 | D:3      | Found a burning altar of Makhleb.
  2414 | D:3      | Reached skill level 5 in Spellcasting
  2788 | D:3      | Reached XP level 5. HP: 12/28 MP: 8/14
  2874 | D:3      | Learned a level 3 spell: Frozen Ramparts
  2878 | D:3      | Learned a level 3 spell: Ozocubu's Armour
  2883 | D:3      | Learned a level 4 spell: Hailstorm
  3124 | D:3      | Found a hide-covered altar of Uskayaw.
  3126 | D:3      | Found a broken altar of Ashenzari.
  3126 | D:3      | Found an ornate altar of the Wu Jian Council.
  3127 | D:3      | Found a basalt altar of Yredelemnul.
  3128 | D:3      | Found a sacrificial altar of Ru.
  3613 | D:4      | Noticed a phantom
  3656 | D:3      | Learned a level 4 spell: Summon Ice Beast
  3875 | D:4      | Noticed an ogre
  3886 | D:4      | Killed an ogre
  3886 | D:4      | Reached XP level 6. HP: 33/33 MP: 12/17
  3939 | D:4      | Slain by a phantom

Illustrated notes

Levels and vault maps discovered:
D:1:      wander_arrival_peaceful_grave, layout_basic
D:2:      layout_basic, riverfiend_overflow_shadow_ancestor,
          lemuel_coloured_pillars_altar, minmay_lizard_pond
D:3:      layout_loops_ring, grunt_temple_overflow_open, lightli_temple_of_fire
D:4:      layout_loops_ring, lemuel_temple_firewalk_b,
          cheibrodos_sewer_entry_bend, serial_glass, glass_columns_c,
          glass_columns_a, item_on_display_a, feat_on_display,
          kennysheep_big_empty_room

Skill      XL: |  1  2  3  4  5 |
---------------+----------------+-----
Ice Magic      | 5 6 |  6.1
Spellcasting   | 4 5 6 |  6.4
Fighting       | |  0.5
Short Blades   | |  0.2
Dodging        | |  2.8
Stealth        | |  2.7

Action                   |  1- 3 |  4- 6 || total
-------------------------+-------+-------++-------
Melee: Dagger            |    42 |    49 ||    91
 Cast: Freeze            |    54 |    55 ||   109
       Frozen Ramparts   |       |     4 ||     4
       Summon Ice Beast  |       |     2 ||     2
  Use: Potion            |       |     2 ||     2
 Stab: Sleeping          |     3 |       ||     3
Armor: Robe              |    22 |    21 ||    43
       Skin              |       |     2 ||     2
Dodge: Dodged            |    55 |    62 ||   117

Table legend: (Time is in decaauts)
 A = Elapsed time spent in this place.
 B = Non-inter-level travel time spent in this place.
 C = Inter-level travel time spent in this place.
 D = Time resting spent in this place.
 E = Time spent auto-exploring this place.
 F = Levels seen in this place.
 G = Mean time per level.
                   A        B        C        D        E       F      G
               +--------+--------+--------+--------+--------+-----+--------+
         Total |   3938 |   3862 |     76 |    251 |   2983 |   4 |  984.5 |
       Dungeon |   3938 |   3862 |     76 |    251 |   2983 |   4 |  984.5 |
               +--------+--------+--------+--------+--------+-----+--------+

Top non-repeatable levels by time:
     D:3: 1490 daAuts
     D:1: 1341 daAuts
     D:2: 981 daAuts
     D:4: 125 daAuts
